AoeStats
← Matsu88

Arena

509979148Analyzed
1v1 RM · 4d ago on Sep 28, 2026· 54m 57s· 2 players
Game mode
Random Map
Map size
Tiny (2 player)
Population
200
Speed
Normal
Resources
Standard
Victory
Conquest
Starting age
Dark Age
Ending age
Imperial Age
RankedLock teamsTeams togetherTeam positionsShared explorationLock speedFull tech treeHidden civsTurbo modeCheats
Victory
Defeat
🇨🇱 Slavs · Chile
1043
+15
🇺🇸 Persians · United States
1024
-15
Matsu88
4:50 Loom
10:05 Feudal Age
13:07 Double-Bit Axe
17:31 Castle Age
16:38 Stone Mining
20:04 Gold Mining
20:30 Forging
21:47 Horse Collar
Hisoku
7:33 Loom
10:20 Feudal Age
10:58 Double-Bit Axe
10:55 Horse Collar
18:51 Castle Age
18:12 Man-at-Arms
18:50 Gold Mining
19:58 Bow Saw
19:49 Heavy Plow
20:05 Squires
19:35 Pikeman
20:52 Long Swordsman
21:56 Scale Mail Armor
26:37 Wheelbarrow
37:53 Hand Cart
40:53 Gold Shaft Mining
51:45 Town Watch
53:53 Town Patrol
55:37 Forging
55:33 Scale Barding Armor
Connection lost

Rejoining the realm…

Still unreachable

The connection could not be restored.

Session expired

The server has moved on; the page needs a fresh start.